 Dungeon Crawl Stone Soup version 0.20-a0-1062-g7b787ac (webtiles) character file.

411 Monsterracer the Chopper (level 6, 0/46 HPs)
             Began as a Minotaur Fighter on Apr 27, 2017.
             Was an Initiate of Hepliaklqana.
             Slain by an ogre
             ... wielding a +0 giant club
              (25 damage)
             ... on level 4 of the Dungeon.
             The game lasted 00:10:09 (3974 turns).

Monsterracer the Chopper (Minotaur Fighter)         Turns: 3974, Time: 00:10:09

Health: 0/46       AC:  2    Str: 23    XL:     6   Next: 58%
Magic:  5/5        EV:  9    Int:  5    God:    Hepliaklqana [......]
Gold:   110        SH:  9    Dex:  9    Spells: 5/5 levels left

rFire    . . .     SeeInvis .   a - +0 war axe
rCold    . . .     Gourm    .   c - +0 shield
rNeg     . . .     Faith    .   j - +0 troll leather armour {Purgy}
rPois    .         Spirit   .   (helmet restricted)
rElec    .         Reflect  .   (no cloak)
rCorr    .         Harm     .   (no gloves)
MR       .....     Rnd*Rage +   (no boots)
Stlth    +.........             (no amulet)
Regen    0.6/turn               (no ring)
MPRegen  0.1/turn               (no ring)

@: no status effects
A: retaliatory headbutt, reduced essence, horns 2, talons 1, berserk 1, deformed
body, evolution 1
a: Recall Ancestor, Ancestor Identity, Renounce Religion


You were on level 4 of the Dungeon.
You worshipped Hepliaklqana.
Hepliaklqana was noncommittal.
You were hungry.

You visited 1 branch of the dungeon, and saw 4 of its levels.
You also visited: Sewer.

You collected 110 gold pieces.

Inventory:

Hand Weapons
 a - a +0 war axe (weapon)
Armour
 c - a +0 shield (worn)
 j - a +0 troll leather armour (worn) {Purgy}
 p - a +2 leather armour of fire resistance
Jewellery
 q - an uncursed ring of protection from cold {unknown}
Scrolls
 e - 3 scrolls of identify {unknown}
 g - 3 scrolls of remove curse {unknown}
 h - 2 scrolls of fog
 m - a scroll of teleportation
 n - 2 scrolls of enchant weapon {unknown}
Potions
 b - a potion of agility {unknown}
 i - a potion of curing
 k - 3 potions of heal wounds
 l - 4 potions of flight
Comestibles
 d - 4 meat rations
 f - 2 bread rations
 o - a royal jelly


   Skills:
 + Level 4.1 Fighting
 * Level 7.7 Axes
 + Level 4.3 Armour
 + Level 1.4 Dodging
 - Level 3.6 Shields


You had 5 spell levels left.
You didn't know any spells.

Dungeon Overview and Level Annotations

Branches:
Dungeon (4/15)
 Temple: D:4-7

Altars:
Ashenzari
Hepliaklqana
Ru


Innate Abilities, Weirdness & Mutations

You reflexively headbutt those who attack you in melee.
You have a pair of horns on your head.
Your life essence is reduced. (-10% HP)
You have sharp toenails.
You tend to lose your temper in combat.
Armour fits poorly on your strangely shaped body.
You evolve.


Message History

q - a jade ring An ogre comes into view.
It is wielding a giant club.
The ogre shouts!
Found a scroll labeled KEEXTIF ZAHY.
You block the ogre's attack.
You see here a scroll labeled KEEXTIF ZAHY.
n - 2 scrolls labeled KEEXTIF ZAHY (gained 1)
The ogre misses you.
You hit the ogre. You claw the ogre.
The ogre is lightly wounded.
You block the ogre's attack.
You hit the ogre. You claw the ogre, but do no damage.
The ogre is lightly wounded.
The ogre hits you with a giant club!!
Your shield prevents you from hitting the ogre.
Your kick misses the ogre. You headbutt the ogre.
The ogre is moderately wounded.
The ogre hits you with a giant club!!
Ouch! That really hurt!
You die...

[..............#
*****,*******,*
...###########.#
*,* *,* +#,* #.#
*,* *,* ,*,*****
#.# *,* *,*
,*,*,,,* #.# *,*
*,* ,*,*,*,* #.#
*,* *,* ,*,*,*,*
#.# *,* *,*
,,,,,*,*
#.########.* *,*
**,***,*
#..@O......* *,*
*,,,,,*
###########* *,,
******* ***


You could see an ogre.

Vanquished Creatures
  A hungry ghost (D:3)
  Purgy (Sewer)
  Terence (D:2)
  4 adders
  An adder skeleton (D:3)
  2 worms
  2 dart slugs (D:1)
  3 leopard geckos
  6 orcs (D:3)
  4 giant cockroaches
  4 goblins
  8 hobgoblins
  2 jackals (D:2)
  9 kobolds
  A quokka (D:3)
  4 ball pythons
  5 bats
  7 frilled lizards
  13 rats
78 creatures vanquished.

Vanquished Creatures (collateral kills)
  An iguana (D:3)
1 creature vanquished.

Grand Total: 79 creatures vanquished

Notes
Turn   | Place    | Note
-------+----------+-------------------------------------------
     0 | D:1      | Monsterracer the Minotaur Fighter began the quest for the Orb.
     0 | D:1      | Reached XP level 1. HP: 19/19 MP: 0/0
   122 | D:1      | Reached skill level 3 in Axes
   367 | D:1      | Found a shattered altar of Ashenzari.
   387 | D:1      | Reached XP level 2. HP: 26/26 MP: 1/1
   451 | D:1      | Gained mutation: You tend to lose your temper in combat. [potion of mutation]
   451 | D:1      | Gained mutation: Armour fits poorly on your strangely shaped body. [potion of mutation]
   451 | D:1      | Gained mutation: You have sharp toenails. [potion of mutation]
   451 | D:1      | Gained mutation: You evolve. [potion of mutation]
  1016 | D:2      | Noticed Terence
  1026 | D:2      | Reached skill level 4 in Axes
  1027 | D:2      | Killed Terence
  1027 | D:2      | Reached XP level 3. HP: 3/31 MP: 2/2
  1397 | D:2      | Reached skill level 5 in Axes
  1659 | D:2      | Reached XP level 4. HP: 35/39 MP: 3/3
  2542 | D:3      | Found a glowing drain.
  2578 | D:3      | Reached skill level 6 in Axes
  2648 | Sewer    | Entered a sewer
  2674 | Sewer    | Noticed Purgy
  2696 | Sewer    | Killed Purgy
  2696 | Sewer    | Reached skill level 7 in Axes
  2696 | Sewer    | Reached XP level 5. HP: 16/45 MP: 4/4
  2960 | D:3      | Found a sacrificial altar of Ru.
  3162 | D:3      | Found a hazy altar of Hepliaklqana.
  3202 | D:3      | Became a worshipper of Hepliaklqana the Forgotten
  3352 | D:3      | Noticed a hungry ghost
  3378 | D:3      | Killed a hungry ghost
  3378 | D:3      | Reached skill level 1 in Dodging
  3378 | D:3      | Reached XP level 6. HP: 41/46 MP: 3/5
  3974 | D:4      | Slain by an ogre

Vault maps used:
D:1:      lightli_arrival_chessboard, minmay_door_square, minivault_23,
          minmay_misc_feat_room, minmay_misc_feat_hallway, ashenzari_altar_1
D:2:      uniq_terence
D:3:      lemuel_round_altar, portal_sewer_entry_c, nicolae_ru_path_of_blood
D:4:      kennysheep_little_box, lemuel_doored_altar,
          lemuel_zombie_altar_kikubaaqudgha, nicolae_ossuary_entry_ruins,
          first_bread
Sewer:    sewer_co_purgy_island

Skill      XL: |  1  2  3  4  5 |
---------------+----------------+-----
Axes           | 3 4 5 7 |  7.7
Fighting       | 4 |  4.1
Armour         | 4 |  4.3
Dodging        | 1 |  1.4
Shields        | |  3.6

Action                   |  1- 3 |  4- 6 || total
-------------------------+-------+-------++-------
Melee: War axe           |    82 |   133 ||   215
       Headbutt          |     7 |    16 ||    23
       Kick              |    12 |    31 ||    43
Invok: Recall Ancestor   |       |     1 ||     1
  Use: Potion            |     6 |     3 ||     9
       Scroll            |       |     5 ||     5
  Eat: Chunk             |     2 |     9 ||    11
Armor: Scale mail        |    32 |     6 ||    38
       Ring mail         |       |     9 ||     9
       Troll leather arm |       |    12 ||    12
Dodge: Dodged            |    39 |    40 ||    79
Block: Shield            |    58 |    77 ||   135
